 Dungeon Crawl Stone Soup version 0.25-a0-566-g062765be81 (webtiles) character file.

Game seed: 1105645550140024061, levelgen mode: deterministic

89 Lugonue the Magician (level 4, -8/24 HPs)
             Began as a Deep Elf Wizard on Feb 27, 2020.
             Mangled by an orc priest
             ... wielding a cursed -1 flail
              (12 damage)
             ... on level 3 of the Dungeon.
             The game lasted 00:06:15 (3108 turns).

Lugonue the Magician (Deep Elf Wizard)              Turns: 3108, Time: 00:06:15

Health: -8/24      AC:  4    Str:  5    XL:     4   Next: 31%
Magic:  5/14       EV: 13    Int: 23    God:
Gold:   154        SH:  0    Dex: 13    Spells: 9/15 levels left

rFire    . . .     SeeInvis .   h - +0 quarterstaff (curse)
rCold    + . .     Gourm    .   (shield currently unavailable)
rNeg     . . .     Faith    .   a - +0 robe
rPois    .         Spirit   .   i - +0 helmet
rElec    .         Reflect  .   (no cloak)
rCorr    .         Harm     .   p - +0 pair of gloves
MR       .....                  (no boots)
Stlth    +++.......             (no amulet)
HPRegen  0.08/turn              q - ring of stealth
MPRegen  0.14/turn              s - ring of protection from cold

@: very slightly contaminated
A: no striking features
a: no special abilities


You were on level 3 of the Dungeon.
You were not hungry.

You visited 1 branch of the dungeon, and saw 3 of its levels.

You collected 154 gold pieces.

Inventory:

Hand Weapons
 h - a cursed +0 quarterstaff (weapon)
Armour
 a - a +0 robe (worn)
 b - a +0 hat
 i - a +0 helmet (worn)
 p - a +0 pair of gloves (worn)
Jewellery
 n - an uncursed ring of positive energy
 q - a ring of stealth (left hand)
 s - a ring of protection from cold (right hand)
Scrolls
 g - 2 scrolls of enchant armour
 l - a scroll of magic mapping
Potions
 k - 2 potions of flight
Comestibles
 d - a ration


   Skills:
 + Level 0.1 Fighting
 + Level 3.1 Dodging
 + Level 2.8 Stealth
 + Level 6.1 Spellcasting
 + Level 2.1 Conjurations
   Level 1.1 Summonings
 + Level 1.1 Translocations


You had 9 spell levels left.
You knew the following spells:

 Your Spells              Type           Power        Failure   Level  Hunger
a - Magic Dart            Conj           ###.         3%          1    None
b - Blink                 Tloc           N/A          8%          2    None
c - Mephitic Cloud        Conj/Pois/Air  ##......     19%         3    #......

Your spell library contained the following spells:

 Spells                   Type           Power        Failure   Level  Hunger
 Call Imp                 Summ           ##......     9%          2    None
 Slow                     Hex            #.......     13%         2    None
 Conjure Flame            Conj/Fire      ##......     16%         3    #......


Dungeon Overview and Level Annotations

Branches:
Dungeon (3/15)

Altars:
Makhleb
Ru
Yredelemnul


Message History

Casting: Magic Dart (safe; 3% risk of failure)
Confirm with . or Enter, or press ? or * to list all spells.
Aiming: Magic Dart (safe; 3% risk of failure)
Press: ? - help, Shift-Dir - straight line, f/p - orc priest
Aim: an orc priest, wielding a -1 flail and wearing a cursed -2 ring mail (heavily wounded)
The magic dart hits the orc priest.
The orc priest is heavily wounded.
The orc priest calls down the wrath of Beogh upon you.
Pain shoots through your body!
* * * LOW HITPOINT WARNING * * *
Casting: Magic Dart (safe; 3% risk of failure)
Confirm with . or Enter, or press ? or * to list all spells.
Aiming: Magic Dart (safe; 3% risk of failure)
Press: ? - help, Shift-Dir - straight line, f/p - orc priest
Aim: an orc priest, wielding a -1 flail and wearing a cursed -2 ring mail (heavily wounded)
The magic dart hits the orc priest.
The orc priest is almost dead.
The orc priest hits you with a cursed -1 flail!
Ouch! That really hurt!
You die...

..# #...............
..#
#.#+#'###############
..# #.
#...............# ..#
#. #...............#
..#
#..<............#######
.<#
#.......†.............#
..#
##...o.####'#######.#
..# #.###o# #.# #.# ..#
#@# #.# #.# ..# #####.#
#.# #.# ..# .# #.....#
#.# #.# ).# #.# #.#####
#.# #.# ..# #.#.# #.#
#.# #.# ..# #(#.####.#
## #.# #.#
..###.#.....†####.. #.#
...##.#............
#.##
...##.#............
##.†##


You could see an orc priest and an orc.

Vanquished Creatures
  4 adders
  An ooze (D:3)
  A dart slug (D:1)
  A leopard gecko (D:3)
  3 orcs (D:3)
  3 giant cockroaches
  6 hobgoblins
  6 jackals
  A ball python (D:2)
  4 bats
  3 frilled lizards
  3 goblins
  2 kobolds
  8 rats
46 creatures vanquished.

Notes
Turn   | Place    | Note
-------+----------+-------------------------------------------
     0 | D:1      | Lugonue the Deep Elf Wizard began the quest for the Orb.
     0 | D:1      | Reached XP level 1. HP: 10/10 MP: 7/7
   525 | D:1      | Reached XP level 2. HP: 10/15 MP: 5/9
   549 | D:1      | Learned a level 2 spell: Blink
   700 | D:1      | Reached skill level 5 in Spellcasting
  1213 | D:2      | Reached XP level 3. HP: 19/19 MP: 11/11
  1941 | D:2      | Found a basalt altar of Yredelemnul.
  1941 | D:2      | Found a sacrificial altar of Ru.
  1942 | D:2      | Found a burning altar of Makhleb.
  2155 | D:3      | Reached skill level 6 in Spellcasting
  2242 | D:3      | Reached XP level 4. HP: 20/24 MP: 12/14
  2438 | D:2      | Learned a level 3 spell: Mephitic Cloud
  2656 | D:3      | HP: 1/24 [orc/+0 falchion (1)]
  3108 | D:3      | Mangled by an orc priest

Levels and vault maps discovered:
D:1:      tarquinn_simple_flora_water_b, layout_rooms
D:2:      layout_loops_ring, gammafunk_temple_overflow_claw, first_ration,
          minmay_misc_feat_more_columns
D:3:      layout_basic, minivault_4, kennysheep_orc_chapel

Skill      XL: |  1  2  3  4 |
---------------+-------------+-----
Spellcasting   | 5 6 |  6.1
Dodging        | 3 |  3.1
Conjurations   | 2 |  2.1
Fighting       | |  0.1
Stealth        | |  2.8
Summonings     | |  1.1
Translocations | |  1.1

Action                   |  1- 3 |  4- 6 || total
-------------------------+-------+-------++-------
Melee: Unarmed           |     9 |       ||     9
       Quarterstaff      |    22 |    23 ||    45
 Cast: Magic Dart        |    69 |    31 ||   100
       Blink             |     3 |     6 ||     9
       Mephitic Cloud    |       |     2 ||     2
  Use: Scroll            |     4 |     5 ||     9
       Potion            |       |     6 ||     6
 Stab: Sleeping          |     1 |     2 ||     3
  Eat: Chunk             |     4 |       ||     4
       Ration            |       |     1 ||     1
Armor: Robe              |    10 |    10 ||    20
Dodge: Dodged            |    46 |    60 ||   106

Table legend:
 A = Non-vault XP
 B = Vault XP
 C = Vault XP percentage of total XP
 D = Non-vault monster count
 E = Vault monster count
 F = Vault count percentage of total count
                 A         B        C        D         E       F
            +---------+---------+-------+---------+---------+-------
      Total |     128 |       0 |   0.0 |      46 |       0 |   0.0
            +---------+---------+-------+---------+---------+-------
        D:1 |      26 |       0 |   0.0 |      15 |       0 |   0.0
        D:2 |      56 |       0 |   0.0 |      15 |       0 |   0.0
        D:3 |      46 |       0 |   0.0 |      16 |       0 |   0.0
            +---------+---------+-------+---------+---------+-------
